[ AOE2 MATCH · #494879612 ]
UnrankedGeorgians vs Sicilians
[ REPLAY ANALYSIS · EXTRACTED FROM THE RECORDED GAME ]
Feudal
14:08
Castle
19:59
Imperial
40:37
| APM avg | 22.9 |
| APM peak | 43 |
| eAPM avg | 13.0 |
| Villagers / military | 152 / 389 |
Focus
⚔️ 39.9% · 🌾 60.1%
Militia ×174 · Monaspa ×76 · Scorpion ×76 · Spearman ×29 · Knight ×14 · Battering Ram ×9
Feudal
15:33
Castle
25:58
Imperial
53:07
| APM avg | 23.0 |
| APM peak | 58 |
| eAPM avg | 13.7 |
| Villagers / military | 129 / 403 |
Focus
⚔️ 32.5% · 🌾 67.5%
Skirmisher ×243 · Spearman ×88 · Serjeant ×61 · Trebuchet (Packed) ×10 · Trade Cart ×7 · Monk ×1
Feudal
12:20
Castle
25:19
Imperial
45:01
| APM avg | 27.4 |
| APM peak | 78 |
| eAPM avg | 12.8 |
| Villagers / military | 94 / 215 |
Focus
⚔️ 49.4% · 🌾 50.6%
Mangudai ×179 · Battering Ram ×31 · Scout Cavalry ×4 · Monk ×1
Feudal
14:42
Castle
33:36
Imperial
47:35
| APM avg | 40.2 |
| APM peak | 106 |
| eAPM avg | 17.0 |
| Villagers / military | 131 / 126 |
Focus
⚔️ 35.4% · 🌾 64.6%
Kamayuk ×73 · Spearman ×29 · Skirmisher ×18 · Unknown (2550) ×12 · Trebuchet (Packed) ×6
Feudal
13:07
Castle
30:37
Imperial
—
| APM avg | 20.6 |
| APM peak | 51 |
| eAPM avg | 13.2 |
| Villagers / military | 209 / 251 |
Focus
⚔️ 29.9% · 🌾 70.1%
Knight ×216 · Scout Cavalry ×19 · Coustillier ×16
Feudal
15:09
Castle
20:48
Imperial
33:54
| APM avg | 21.3 |
| APM peak | 45 |
| eAPM avg | 9.6 |
| Villagers / military | 124 / 135 |
Focus
⚔️ 39.0% · 🌾 61.0%
Knight ×131 · Monk ×3 · Trebuchet (Packed) ×1
Match map
Initial resources + every placement click. Lines = walls · curves = elevation contours. ◆ gold · ⬟ stone · ● berries · ✦ relic · ◌ wall gap
Your base· Open — unwalled flank
pepermenchaca's base· Open — 10t gap
vitavidal91's base· Open — unwalled flank
Bukac95's base· Open — 10t gap
Fat B's base· Open — 13t gap
Conquistatoooore's base· Open — unwalled flank
Smoothed initial terrain · ◌ = detected wall gap · hover for details
Inputs per minute
— GuilleLeopold17 - - pepermenchaca
Build order — GuilleLeopold17
First 150 of 501 actions detected
| 0:44 | Build | Town Center |
| 2:56 | Create | Villager (Male) ×4 |
| 2:56 | Create | Villager (Male) ×4 |
| 2:56 | Create | Villager (Male) ×4 |
| 3:13 | Build | House |
| 3:13 | Build | House |
| 4:40 | Create | Villager (Male) |
| 4:40 | Create | Villager (Male) |
| 5:05 | Create | Villager (Male) |
| 5:05 | Create | Villager (Male) |
| 5:28 | Create | Villager (Male) |
| 5:28 | Create | Villager (Male) |
| 6:07 | Create | Villager (Male) |
| 6:08 | Create | Villager (Male) |
| 6:10 | Research | Loom |
| 6:40 | Build | Mill |
| 7:03 | Create | Villager (Male) |
| 7:04 | Create | Villager (Male) |
| 7:04 | Create | Villager (Male) |
| 7:43 | Create | Villager (Male) |
| 7:43 | Create | Villager (Male) |
| 7:53 | Create | Villager (Male) |
| 7:53 | Create | Villager (Male) |
| 8:03 | Create | Villager (Male) |
| 8:03 | Create | Villager (Male) |
| 8:03 | Create | Villager (Male) |
| 8:16 | Build | House |
| 8:17 | Build | House |
| 8:28 | Build | House |
| 8:31 | Create | Villager (Male) |
| 8:57 | Create | Villager (Male) |
| 8:57 | Create | Villager (Male) |
| 9:19 | Create | Villager (Male) |
| 9:19 | Create | Villager (Male) |
| 9:39 | Build | Barracks |
| 9:47 | Create | Villager (Male) |
| 10:12 | Create | Villager (Male) |
| 10:48 | Build | Mule Cart |
| 10:59 | Build | Mill |
| 11:15 | Create | Villager (Male) |
| 11:58 | Research | Feudal Age |
| 14:08 | Age | Feudal Age |
| 14:17 | Build | Stable |
| 14:24 | Create | Villager (Male) |
| 14:24 | Create | Villager (Male) |
| 14:24 | Create | Villager (Male) |
| 15:06 | Create | Villager (Male) |
| 15:17 | Build | Blacksmith |
| 15:22 | Build | House |
| 15:23 | Build | House |
| 15:34 | Build | House |
| 15:43 | Create | Villager (Male) |
| 15:43 | Create | Villager (Male) |
| 15:49 | Create | Scout Cavalry |
| 15:49 | Create | Scout Cavalry |
| 16:43 | Create | Villager (Male) |
| 17:04 | Research | Castle Age |
| 17:18 | Build | Mill |
| 17:54 | Build | Mule Cart |
| 18:50 | Build | Stable |
| 18:53 | Research | Bloodlines |
| 18:54 | Create | Scout Cavalry |
| 18:54 | Create | Scout Cavalry |
| 19:07 | Create | Villager (Male) |
| 19:07 | Create | Villager (Male) |
| 19:33 | Create | Villager (Male) |
| 19:34 | Create | Villager (Male) |
| 19:59 | Age | Castle Age |
| 20:12 | Create | Knight |
| 20:12 | Create | Knight |
| 20:12 | Create | Knight |
| 20:53 | Build | Town Center |
| 21:02 | Create | Knight |
| 21:02 | Create | Knight |
| 21:36 | Research | Husbandry |
| 22:22 | Create | Villager (Male) |
| 22:22 | Create | Villager (Male) |
| 22:22 | Create | Villager (Male) |
| 22:27 | Create | Villager (Male) |
| 22:35 | Build | House |
| 22:35 | Build | House |
| 22:36 | Build | House |
| 22:36 | Build | House |
| 22:36 | Build | House |
| 22:37 | Build | House |
| 23:25 | Create | Knight |
| 23:25 | Create | Knight |
| 23:34 | Build | Farm |
| 23:35 | Build | Farm |
| 23:35 | Build | Farm |
| 23:35 | Build | Farm |
| 23:36 | Build | Farm |
| 23:36 | Build | Farm |
| 23:46 | Build | Mill |
| 23:49 | Research | Horse Collar |
| 24:01 | Create | Knight |
| 24:02 | Create | Knight |
| 24:07 | Research | Gold Mining |
| 24:11 | Create | Villager (Male) |
| 24:11 | Create | Villager (Male) |
| 24:39 | Create | Villager (Male) |
| 24:39 | Create | Villager (Male) |
| 24:39 | Create | Villager (Male) |
| 24:39 | Create | Villager (Male) |
| 25:45 | Create | Villager (Male) |
| 25:45 | Create | Villager (Male) |
| 25:45 | Create | Villager (Male) |
| 26:11 | Create | Villager (Male) |
| 26:11 | Create | Villager (Male) |
| 26:17 | Build | Town Center |
| 26:25 | Create | Villager (Male) |
| 26:25 | Create | Villager (Male) |
| 27:14 | Create | Spearman |
| 27:15 | Create | Spearman |
| 27:15 | Create | Spearman |
| 27:15 | Create | Spearman |
| 27:21 | Create | Villager (Male) |
| 27:21 | Create | Villager (Male) |
| 27:55 | Build | Barracks |
| 27:56 | Build | Barracks |
| 28:07 | Create | Knight ×5 |
| 28:29 | Build | Castle |
| 28:54 | Build | Castle |
| 29:09 | Create | Villager (Male) |
| 29:09 | Create | Villager (Male) |
| 29:13 | Research | Wheelbarrow |
| 29:17 | Create | Villager (Male) |
| 29:18 | Create | Villager (Male) |
| 29:18 | Create | Villager (Male) |
| 29:18 | Create | Villager (Male) |
| 29:23 | Build | Farm |
| 29:23 | Build | Farm |
| 29:23 | Build | Farm |
| 29:23 | Build | Farm |
| 29:24 | Build | Farm |
| 29:24 | Build | Farm |
| 30:37 | Research | Pikeman (upgrade) |
| 30:43 | Create | Villager (Male) ×2 |
| 30:53 | Build | Farm |
| 30:53 | Build | Farm |
| 30:54 | Build | Farm |
| 30:54 | Build | Farm |
| 30:54 | Build | Farm |
| 30:54 | Build | Farm |
| 30:59 | Build | Farm |
| 30:59 | Build | Farm |
| 31:00 | Build | Farm |
| 31:00 | Build | Farm |
| 31:03 | Create | Villager (Male) |
| 31:03 | Create | Villager (Male) |
Build order — pepermenchaca
First 150 of 470 actions detected
| 0:56 | Build | Town Center |
| 3:05 | Build | House |
| 3:12 | Build | House |
| 3:14 | Build | House |
| 3:15 | Create | Villager (Male) |
| 3:16 | Create | Villager (Male) |
| 3:16 | Create | Villager (Male) |
| 3:16 | Create | Villager (Male) |
| 3:37 | Build | House |
| 4:14 | Research | Loom |
| 4:56 | Create | Villager (Male) |
| 4:56 | Create | Villager (Male) |
| 5:43 | Create | Villager (Male) |
| 5:44 | Create | Villager (Male) |
| 5:44 | Create | Villager (Male) |
| 6:19 | Create | Villager (Male) |
| 6:39 | Create | Villager (Male) |
| 6:40 | Create | Villager (Male) |
| 6:45 | Research | Loom |
| 7:16 | Create | Villager (Male) |
| 8:02 | Create | Villager (Male) |
| 8:23 | Create | Villager (Male) |
| 8:23 | Create | Villager (Male) |
| 8:24 | Create | Villager (Male) |
| 8:42 | Build | Mill |
| 8:49 | Create | Villager (Male) |
| 9:58 | Build | House |
| 10:37 | Create | Villager (Male) |
| 10:37 | Create | Villager (Male) |
| 10:58 | Create | Villager (Male) |
| 11:12 | Create | Villager (Male) |
| 11:25 | Create | Villager (Male) |
| 11:47 | Build | House |
| 11:53 | Create | Villager (Male) |
| 12:05 | Create | Villager (Male) |
| 12:19 | Build | House |
| 12:59 | Build | Lumber Camp |
| 13:23 | Research | Feudal Age |
| 13:57 | Create | Villager (Male) |
| 13:57 | Create | Villager (Male) |
| 13:59 | Create | Villager (Male) |
| 14:49 | Build | Mining Camp |
| 15:33 | Age | Feudal Age |
| 16:04 | Create | Villager (Male) |
| 16:22 | Create | Villager (Male) |
| 16:42 | Research | Wheelbarrow |
| 16:59 | Create | Villager (Male) |
| 17:00 | Create | Villager (Male) |
| 17:12 | Build | Barracks |
| 17:16 | Build | Blacksmith |
| 17:24 | Create | Villager (Male) |
| 18:00 | Create | Villager (Male) |
| 18:36 | Create | Villager (Male) |
| 18:39 | Research | Scale Mail Armor |
| 18:40 | Research | Forging |
| 19:29 | Build | Donjon |
| 19:40 | Build | Mill |
| 20:20 | Build | Donjon |
| 20:59 | Create | Villager (Male) |
| 20:59 | Create | Villager (Male) |
| 20:59 | Create | Villager (Male) |
| 21:12 | Build | Market |
| 21:17 | Create | Serjeant |
| 21:17 | Create | Serjeant |
| 21:17 | Create | Serjeant |
| 21:18 | Create | Serjeant |
| 21:18 | Create | Serjeant |
| 21:18 | Create | Serjeant |
| 21:47 | Create | Villager (Male) |
| 21:54 | Build | Farm |
| 21:57 | Build | Farm |
| 22:03 | Build | Farm |
| 22:04 | Build | Farm |
| 22:05 | Build | Farm |
| 22:06 | Build | Farm |
| 22:27 | Create | Serjeant |
| 22:40 | Build | Farm |
| 22:50 | Build | House |
| 22:54 | Build | House |
| 23:18 | Research | Castle Age |
| 23:38 | Create | Villager (Male) |
| 23:38 | Create | Villager (Male) |
| 23:47 | Create | Villager (Male) |
| 24:02 | Build | House |
| 24:03 | Build | House |
| 24:05 | Build | House |
| 25:21 | Research | Stone Mining |
| 25:25 | Build | House |
| 25:26 | Build | House |
| 25:58 | Age | Castle Age |
| 27:09 | Build | Donjon |
| 27:20 | Create | Villager (Male) |
| 27:21 | Create | Villager (Male) |
| 27:21 | Create | Villager (Male) |
| 28:07 | Build | Farm |
| 28:19 | Build | Monastery |
| 28:24 | Build | Farm |
| 28:37 | Create | Villager (Male) |
| 28:37 | Create | Villager (Male) |
| 28:47 | Build | Farm |
| 29:21 | Create | Monk |
| 29:24 | Create | Villager (Male) |
| 29:25 | Create | Villager (Male) |
| 29:43 | Build | Town Center |
| 29:50 | Create | Villager (Male) |
| 29:50 | Create | Villager (Male) |
| 29:51 | Create | Villager (Male) |
| 29:52 | Create | Villager (Male) |
| 30:20 | Create | Villager (Male) |
| 30:20 | Create | Villager (Male) |
| 30:21 | Create | Villager (Male) |
| 30:34 | Build | Farm |
| 30:59 | Create | Villager (Male) |
| 30:59 | Create | Villager (Male) |
| 30:59 | Create | Villager (Male) |
| 31:00 | Create | Villager (Male) |
| 31:00 | Create | Villager (Male) |
| 31:00 | Create | Villager (Male) |
| 31:01 | Create | Villager (Male) |
| 31:01 | Create | Villager (Male) |
| 31:01 | Create | Villager (Male) |
| 31:04 | Build | Farm |
| 31:05 | Build | Farm |
| 31:10 | Create | Villager (Male) |
| 31:24 | Create | Villager (Male) |
| 31:40 | Build | Farm |
| 31:50 | Create | Villager (Male) |
| 31:54 | Create | Villager (Male) |
| 31:57 | Create | Villager (Male) |
| 32:09 | Research | Iron Casting |
| 32:16 | Build | Farm |
| 32:28 | Research | Double-Bit Axe |
| 32:51 | Build | Farm |
| 32:59 | Create | Villager (Male) |
| 33:06 | Create | Serjeant |
| 33:07 | Create | Serjeant |
| 33:07 | Create | Serjeant |
| 33:11 | Create | Serjeant |
| 33:11 | Create | Serjeant |
| 33:28 | Build | Castle |
| 33:58 | Create | Serjeant |
| 33:58 | Create | Serjeant |
| 33:59 | Create | Serjeant |
| 34:04 | Create | Serjeant |
| 34:04 | Create | Serjeant |
| 34:10 | Build | Farm |
| 34:11 | Build | Farm |
| 34:13 | Build | Farm |
| 34:14 | Build | Farm |
| 34:18 | Create | Villager (Male) |
Build order — vitavidal91
First 150 of 428 actions detected
| 0:18 | Build | Town Center |
| 2:39 | Create | Villager (Male) |
| 2:40 | Create | Villager (Male) |
| 2:51 | Create | Villager (Male) |
| 3:37 | Build | House |
| 3:43 | Build | House |
| 3:45 | Create | Villager (Male) |
| 4:24 | Create | Villager (Male) |
| 5:25 | Create | Villager (Male) |
| 5:48 | Create | Villager (Male) |
| 6:11 | Create | Villager (Male) |
| 6:21 | Build | Mill |
| 6:35 | Create | Villager (Male) |
| 7:06 | Create | Villager (Male) |
| 7:25 | Create | Villager (Male) |
| 7:54 | Create | Villager (Male) |
| 7:59 | Research | Loom |
| 8:03 | Build | House |
| 8:04 | Build | House |
| 8:31 | Create | Villager (Male) |
| 8:40 | Build | House |
| 8:56 | Create | Villager (Male) |
| 9:12 | Build | Lumber Camp |
| 9:21 | Create | Villager (Male) |
| 10:07 | Create | Villager (Male) |
| 10:10 | Research | Feudal Age |
| 12:20 | Age | Feudal Age |
| 12:20 | Create | Villager (Male) |
| 12:33 | Build | Farm |
| 12:34 | Build | Farm |
| 12:36 | Build | Farm |
| 12:39 | Build | Farm |
| 12:48 | Create | Villager (Male) |
| 13:21 | Build | Barracks |
| 13:24 | Create | Villager (Male) |
| 13:27 | Create | Villager (Male) |
| 13:53 | Build | Mining Camp |
| 14:04 | Build | Farm |
| 14:08 | Create | Villager (Male) |
| 14:19 | Build | Stable |
| 14:29 | Build | Farm |
| 14:37 | Create | Villager (Male) |
| 15:08 | Create | Villager (Male) |
| 15:12 | Create | Scout Cavalry |
| 15:22 | Build | Blacksmith |
| 15:31 | Create | Villager (Male) |
| 15:43 | Create | Scout Cavalry |
| 15:55 | Create | Villager (Male) |
| 16:05 | Build | Mining Camp |
| 16:13 | Create | Villager (Male) |
| 16:14 | Create | Scout Cavalry |
| 16:30 | Build | House |
| 16:33 | Create | Villager (Male) |
| 16:38 | Build | House |
| 17:23 | Build | House |
| 17:37 | Build | Mill |
| 17:45 | Create | Villager (Male) |
| 17:45 | Create | Villager (Male) |
| 18:00 | Create | Villager (Male) |
| 18:06 | Build | Farm |
| 18:22 | Create | Scout Cavalry |
| 19:02 | Create | Villager (Male) |
| 19:03 | Create | Villager (Male) |
| 19:39 | Build | Farm |
| 19:40 | Build | Farm |
| 19:41 | Build | Farm |
| 19:42 | Build | Farm |
| 19:43 | Build | Farm |
| 19:44 | Build | Farm |
| 19:46 | Build | Farm |
| 19:47 | Build | Farm |
| 20:07 | Create | Villager (Male) |
| 20:08 | Create | Villager (Male) |
| 20:38 | Build | Farm |
| 20:42 | Build | Farm |
| 20:46 | Build | Mill |
| 20:47 | Build | Farm |
| 20:47 | Build | Farm |
| 20:47 | Build | Farm |
| 20:48 | Build | Farm |
| 20:48 | Build | Farm |
| 21:23 | Create | Villager (Male) |
| 21:44 | Build | Farm |
| 21:47 | Build | Farm |
| 21:56 | Build | Farm |
| 22:12 | Create | Villager (Male) |
| 22:39 | Research | Castle Age |
| 22:55 | Build | House |
| 22:55 | Build | House |
| 22:57 | Build | House |
| 22:58 | Build | House |
| 22:59 | Build | House |
| 22:59 | Build | House |
| 22:59 | Build | House |
| 23:00 | Build | House |
| 23:00 | Build | House |
| 23:00 | Build | House |
| 23:00 | Build | House |
| 23:00 | Build | House |
| 23:21 | Build | Mining Camp |
| 25:19 | Age | Castle Age |
| 25:22 | Create | Villager (Male) |
| 25:22 | Create | Villager (Male) |
| 25:25 | Create | Villager (Male) |
| 26:09 | Research | Husbandry |
| 26:38 | Create | Villager (Male) |
| 26:39 | Create | Villager (Male) |
| 26:42 | Research | Stone Mining |
| 26:44 | Research | Double-Bit Axe |
| 27:03 | Create | Villager (Male) |
| 27:13 | Build | Town Center |
| 27:34 | Create | Villager (Male) |
| 28:06 | Create | Villager (Male) |
| 28:14 | Create | Villager (Male) |
| 28:17 | Create | Villager (Male) |
| 28:17 | Create | Villager (Male) |
| 29:12 | Build | Castle |
| 29:41 | Research | Fletching |
| 29:41 | Research | Padded Archer Armor |
| 29:44 | Research | Bloodlines |
| 29:49 | Create | Villager (Male) |
| 29:49 | Create | Villager (Male) |
| 29:51 | Create | Villager (Male) |
| 29:52 | Create | Villager (Male) |
| 30:16 | Create | Mangudai |
| 30:16 | Create | Mangudai |
| 30:19 | Create | Mangudai |
| 30:46 | Create | Mangudai |
| 30:54 | Build | Monastery |
| 30:58 | Create | Villager (Male) |
| 30:58 | Create | Villager (Male) |
| 31:09 | Create | Mangudai |
| 31:19 | Create | Villager (Male) |
| 31:19 | Create | Villager (Male) |
| 31:19 | Create | Villager (Male) |
| 31:33 | Create | Mangudai |
| 31:40 | Research | Bodkin Arrow |
| 31:52 | Create | Villager (Male) |
| 32:05 | Create | Villager (Male) |
| 32:11 | Create | Villager (Male) |
| 32:38 | Build | Castle |
| 32:43 | Create | Villager (Male) |
| 32:43 | Create | Villager (Male) |
| 32:45 | Create | Villager (Male) |
| 32:45 | Create | Villager (Male) |
| 32:45 | Create | Villager (Male) |
| 32:48 | Create | Villager (Male) |
| 32:48 | Create | Villager (Male) |
| 32:54 | Create | Mangudai |
| 33:36 | Create | Mangudai |
Build order — Bukac95
First 150 of 400 actions detected
| 1:50 | Build | Town Center |
| 2:33 | Build | House |
| 3:41 | Create | Villager (Male) ×4 |
| 3:41 | Create | Villager (Male) ×4 |
| 5:05 | Create | Villager (Male) |
| 5:43 | Create | Villager (Male) |
| 5:43 | Create | Villager (Male) |
| 5:43 | Create | Villager (Male) |
| 6:34 | Create | Villager (Male) |
| 6:35 | Create | Villager (Male) |
| 6:42 | Build | House |
| 6:50 | Create | Villager (Male) |
| 6:50 | Create | Villager (Male) |
| 7:14 | Research | Loom |
| 7:17 | Create | Villager (Male) |
| 7:17 | Create | Villager (Male) |
| 7:52 | Create | Villager (Male) |
| 7:52 | Create | Villager (Male) |
| 8:15 | Create | Villager (Male) |
| 9:06 | Create | Villager (Male) |
| 9:06 | Create | Villager (Male) |
| 9:06 | Create | Villager (Male) |
| 9:43 | Create | Villager (Male) |
| 10:00 | Build | House |
| 10:29 | Create | Villager (Male) |
| 10:29 | Create | Villager (Male) |
| 10:29 | Create | Villager (Male) |
| 10:50 | Build | Settlement |
| 11:46 | Build | Settlement |
| 11:58 | Create | Villager (Male) |
| 12:32 | Research | Feudal Age |
| 13:57 | Build | House |
| 14:13 | Build | Farm |
| 14:15 | Build | Farm |
| 14:15 | Build | Farm |
| 14:17 | Build | Farm |
| 14:19 | Build | Farm |
| 14:21 | Build | Farm |
| 14:24 | Build | Farm |
| 14:42 | Age | Feudal Age |
| 15:32 | Build | Barracks |
| 15:47 | Build | House |
| 15:53 | Build | Palisade Wall |
| 16:01 | Build | Palisade Wall |
| 16:41 | Create | Spearman |
| 16:41 | Create | Spearman |
| 16:52 | Create | Villager (Male) |
| 16:52 | Create | Villager (Male) |
| 16:52 | Create | Villager (Male) |
| 16:55 | Create | Villager (Male) |
| 17:28 | Create | Villager (Male) |
| 17:28 | Create | Villager (Male) |
| 17:42 | Create | Spearman |
| 17:43 | Create | Spearman |
| 18:22 | Create | Villager (Male) |
| 18:38 | Build | Watch Tower |
| 18:43 | Build | Blacksmith |
| 19:22 | Create | Villager (Male) |
| 19:23 | Create | Villager (Male) |
| 19:29 | Build | Farm |
| 19:53 | Create | Spearman |
| 20:07 | Research | Scale Mail Armor |
| 20:09 | Create | Spearman |
| 20:09 | Create | Spearman |
| 20:29 | Build | House |
| 20:32 | Build | House |
| 20:38 | Build | Settlement |
| 20:53 | Create | Villager (Male) |
| 20:53 | Create | Villager (Male) |
| 21:16 | Create | Spearman |
| 21:23 | Create | Spearman |
| 21:39 | Build | Farm |
| 21:44 | Create | Villager (Male) |
| 21:44 | Create | Villager (Male) |
| 22:41 | Build | Watch Tower |
| 22:51 | Research | Tech 1402 |
| 22:51 | Create | Unit 2550 |
| 22:52 | Create | Unit 2550 |
| 22:52 | Create | Unit 2550 |
| 22:55 | Create | Villager (Male) |
| 23:00 | Create | Villager (Male) |
| 23:09 | Build | Farm |
| 23:09 | Build | Farm |
| 23:11 | Build | Farm |
| 23:11 | Build | Farm |
| 23:43 | Research | Forging |
| 23:56 | Build | Watch Tower |
| 24:22 | Build | Settlement |
| 24:26 | Create | Villager (Male) |
| 24:26 | Create | Villager (Male) |
| 24:27 | Create | Villager (Male) |
| 24:27 | Research | Wheelbarrow |
| 24:31 | Build | Farm |
| 24:31 | Build | Farm |
| 24:52 | Build | Watch Tower |
| 25:48 | Research | Fletching |
| 25:52 | Create | Spearman |
| 25:52 | Create | Spearman |
| 25:53 | Create | Spearman |
| 26:07 | Build | House |
| 26:10 | Build | House |
| 26:11 | Build | House |
| 27:45 | Build | Farm |
| 27:46 | Build | Farm |
| 28:16 | Build | Watch Tower |
| 28:27 | Build | Farm |
| 28:29 | Build | Farm |
| 28:32 | Create | Villager (Male) |
| 28:32 | Create | Villager (Male) |
| 29:17 | Build | Watch Tower |
| 29:23 | Create | Villager (Male) |
| 29:24 | Create | Villager (Male) |
| 29:29 | Build | Market |
| 29:34 | Create | Villager (Male) |
| 29:40 | Build | House |
| 29:46 | Build | Stone Wall |
| 30:29 | Create | Unit 2550 |
| 30:29 | Create | Unit 2550 |
| 30:30 | Create | Unit 2550 |
| 30:56 | Research | Castle Age |
| 31:11 | Create | Unit 2550 |
| 31:12 | Create | Unit 2550 |
| 31:52 | Build | Farm |
| 32:09 | Create | Unit 2550 |
| 32:09 | Create | Unit 2550 |
| 32:09 | Create | Unit 2550 |
| 32:10 | Create | Unit 2550 |
| 32:13 | Research | Arson |
| 33:04 | Build | House |
| 33:05 | Build | House |
| 33:10 | Build | Stone Wall |
| 33:17 | Build | Stone Wall |
| 33:18 | Build | Stone Wall |
| 33:36 | Age | Castle Age |
| 33:39 | Research | Tech 1351 |
| 35:30 | Research | Pikeman (upgrade) |
| 35:30 | Research | Squires |
| 35:31 | Research | Chain Mail Armor |
| 35:32 | Research | Iron Casting |
| 37:43 | Create | Villager (Male) |
| 37:43 | Create | Villager (Male) |
| 37:44 | Create | Villager (Male) |
| 37:44 | Create | Villager (Male) |
| 37:44 | Research | Hand Cart |
| 37:52 | Build | Town Center |
| 37:59 | Create | Villager (Male) |
| 38:00 | Create | Villager (Male) |
| 38:00 | Create | Villager (Male) |
| 38:14 | Create | Spearman |
| 38:14 | Create | Spearman |
Build order — Fat B
First 150 of 633 actions detected
| 0:57 | Build | Town Center |
| 2:15 | Build | House |
| 2:47 | Create | Villager (Male) |
| 2:53 | Create | Villager (Male) |
| 3:16 | Create | Villager (Male) |
| 3:27 | Create | Villager (Male) |
| 3:58 | Create | Villager (Male) |
| 4:29 | Build | Mill |
| 4:46 | Create | Villager (Male) |
| 5:12 | Build | House |
| 5:15 | Create | Villager (Male) |
| 5:51 | Create | Villager (Male) |
| 6:00 | Create | Villager (Male) |
| 6:33 | Create | Villager (Male) |
| 6:48 | Build | Mill |
| 6:49 | Create | Villager (Male) |
| 6:57 | Create | Villager (Male) |
| 7:40 | Build | House |
| 7:43 | Create | Villager (Male) |
| 8:16 | Create | Villager (Male) |
| 8:23 | Research | Loom |
| 8:51 | Create | Villager (Male) |
| 9:20 | Create | Villager (Male) |
| 10:03 | Create | Villager (Male) |
| 10:19 | Build | Barracks |
| 10:22 | Create | Villager (Male) |
| 10:57 | Research | Feudal Age |
| 11:02 | Build | House |
| 13:07 | Age | Feudal Age |
| 13:14 | Build | Stable |
| 13:33 | Create | Villager (Male) |
| 13:57 | Create | Villager (Male) |
| 14:00 | Create | Scout Cavalry |
| 14:04 | Create | Scout Cavalry |
| 14:05 | Create | Scout Cavalry |
| 14:08 | Create | Villager (Male) |
| 14:49 | Build | Lumber Camp |
| 14:51 | Create | Villager (Male) |
| 15:23 | Build | House |
| 15:27 | Build | House |
| 15:44 | Create | Scout Cavalry |
| 16:12 | Create | Villager (Male) |
| 16:21 | Create | Scout Cavalry |
| 16:24 | Create | Villager (Male) |
| 16:31 | Build | Farm |
| 16:44 | Build | Mill |
| 16:45 | Create | Villager (Male) |
| 17:33 | Create | Villager (Male) |
| 17:48 | Create | Villager (Male) |
| 18:06 | Build | Blacksmith |
| 18:34 | Create | Scout Cavalry |
| 18:34 | Create | Scout Cavalry |
| 18:35 | Create | Scout Cavalry |
| 18:35 | Create | Scout Cavalry |
| 18:41 | Build | Mining Camp |
| 19:31 | Build | House |
| 19:55 | Create | Villager (Male) |
| 19:56 | Create | Villager (Male) |
| 20:08 | Research | Scale Barding Armor |
| 20:15 | Build | Farm |
| 20:16 | Create | Villager (Male) |
| 20:36 | Build | Mill |
| 20:49 | Create | Villager (Male) |
| 20:53 | Build | Farm |
| 21:07 | Create | Villager (Male) |
| 21:22 | Create | Villager (Male) |
| 22:01 | Build | Market |
| 22:04 | Build | House |
| 22:05 | Create | Villager (Male) |
| 22:52 | Build | House |
| 22:56 | Build | House |
| 22:58 | Build | Farm |
| 22:58 | Build | Farm |
| 24:01 | Create | Villager (Male) |
| 24:10 | Create | Villager (Male) |
| 24:16 | Build | Farm |
| 24:19 | Build | Farm |
| 24:21 | Build | Farm |
| 24:22 | Create | Villager (Male) |
| 24:48 | Create | Scout Cavalry |
| 24:48 | Create | Scout Cavalry |
| 25:18 | Create | Villager (Male) |
| 26:15 | Create | Scout Cavalry |
| 26:15 | Create | Scout Cavalry |
| 26:15 | Create | Scout Cavalry |
| 26:56 | Create | Villager (Male) |
| 26:56 | Create | Villager (Male) |
| 27:57 | Research | Castle Age |
| 29:07 | Build | Mill |
| 29:47 | Build | Palisade Wall |
| 29:58 | Build | Palisade Wall |
| 30:03 | Build | Palisade Wall |
| 30:05 | Build | Palisade Wall |
| 30:14 | Create | Villager (Male) |
| 30:33 | Build | House |
| 30:37 | Age | Castle Age |
| 30:51 | Build | Stable |
| 30:56 | Build | Town Center |
| 31:13 | Build | Town Center |
| 31:20 | Create | Villager (Male) |
| 31:21 | Create | Villager (Male) |
| 31:37 | Create | Villager (Male) |
| 31:38 | Create | Villager (Male) |
| 32:07 | Create | Villager (Male) |
| 32:25 | Create | Villager (Male) |
| 32:29 | Build | Farm |
| 32:32 | Build | Farm |
| 32:37 | Build | Farm |
| 32:39 | Create | Villager (Male) |
| 32:44 | Create | Villager (Male) |
| 33:11 | Create | Villager (Male) |
| 33:13 | Create | Villager (Male) |
| 33:25 | Create | Knight |
| 33:42 | Create | Villager (Male) |
| 34:10 | Create | Knight |
| 34:40 | Create | Villager (Male) |
| 34:41 | Create | Villager (Male) |
| 35:14 | Create | Villager (Male) |
| 35:14 | Create | Villager (Male) |
| 35:15 | Create | Villager (Male) |
| 35:15 | Create | Villager (Male) |
| 35:24 | Build | Farm |
| 35:25 | Create | Villager (Male) |
| 35:27 | Create | Villager (Male) |
| 35:28 | Create | Villager (Male) |
| 35:40 | Create | Villager (Male) |
| 35:44 | Build | Farm |
| 35:44 | Build | Farm |
| 35:46 | Build | Farm |
| 35:49 | Build | Farm |
| 35:52 | Build | Farm |
| 35:54 | Research | Double-Bit Axe |
| 36:07 | Build | Stable |
| 36:14 | Create | Villager (Male) |
| 36:15 | Create | Villager (Male) |
| 36:27 | Create | Villager (Male) |
| 36:35 | Create | Villager (Male) |
| 36:44 | Build | Farm |
| 36:45 | Create | Villager (Male) |
| 37:04 | Build | Mining Camp |
| 37:05 | Create | Villager (Male) |
| 37:07 | Create | Knight |
| 37:08 | Create | Knight |
| 37:20 | Build | Farm |
| 37:24 | Create | Villager (Male) |
| 37:29 | Create | Villager (Male) |
| 37:33 | Build | House |
| 37:36 | Build | House |
| 37:37 | Build | House |
| 37:38 | Build | House |
Build order — Conquistatoooore
First 150 of 386 actions detected
| 0:36 | Build | Town Center |
| 2:51 | Build | House |
| 2:58 | Research | Loom |
| 2:59 | Create | Villager (Male) |
| 2:59 | Create | Villager (Male) |
| 2:59 | Create | Villager (Male) |
| 3:00 | Create | Villager (Male) |
| 3:00 | Create | Villager (Male) |
| 3:51 | Build | Lumber Camp |
| 4:39 | Create | Villager (Male) |
| 4:39 | Create | Villager (Male) |
| 5:16 | Create | Villager (Male) |
| 5:17 | Create | Villager (Male) |
| 5:29 | Create | Villager (Male) |
| 5:30 | Create | Villager (Male) |
| 5:45 | Build | House |
| 5:50 | Create | Villager (Male) |
| 5:50 | Create | Villager (Male) |
| 6:16 | Build | House |
| 6:23 | Create | Villager (Male) |
| 6:24 | Create | Villager (Male) |
| 6:37 | Create | Villager (Male) |
| 6:38 | Create | Villager (Male) |
| 6:55 | Build | House |
| 6:58 | Create | Villager (Male) |
| 6:58 | Create | Villager (Male) |
| 7:07 | Create | Villager (Male) |
| 7:07 | Create | Villager (Male) |
| 7:26 | Create | Villager (Male) |
| 7:26 | Create | Villager (Male) |
| 7:58 | Create | Villager (Male) |
| 7:58 | Create | Villager (Male) |
| 8:11 | Create | Villager (Male) |
| 8:12 | Create | Villager (Male) |
| 8:27 | Build | Mill |
| 8:29 | Create | Villager (Male) |
| 8:30 | Create | Villager (Male) |
| 8:56 | Create | Villager (Male) |
| 8:56 | Create | Villager (Male) |
| 8:57 | Create | Villager (Male) |
| 9:38 | Create | Villager (Male) |
| 9:38 | Create | Villager (Male) |
| 9:39 | Create | Villager (Male) |
| 9:39 | Create | Villager (Male) |
| 10:14 | Build | Lumber Camp |
| 10:25 | Create | Villager (Male) |
| 10:41 | Build | House |
| 10:45 | Build | House |
| 11:04 | Create | Villager (Male) |
| 11:34 | Create | Villager (Male) |
| 12:04 | Build | House |
| 12:07 | Build | House |
| 12:23 | Research | Feudal Age |
| 13:07 | Build | House |
| 13:10 | Build | House |
| 13:19 | Create | Villager (Male) |
| 13:19 | Create | Villager (Male) |
| 13:20 | Create | Villager (Male) |
| 14:07 | Build | Barracks |
| 15:09 | Age | Feudal Age |
| 15:20 | Build | Stone Wall |
| 15:49 | Create | Villager (Male) |
| 15:58 | Build | Mining Camp |
| 16:18 | Build | Blacksmith |
| 17:06 | Build | Stable |
| 17:15 | Build | Mining Camp |
| 17:59 | Build | Stone Wall |
| 18:02 | Build | Gate |
| 18:08 | Research | Castle Age |
| 18:14 | Build | Stable |
| 18:57 | Build | Farm |
| 19:00 | Build | Farm |
| 19:03 | Build | Farm |
| 19:06 | Build | Farm |
| 19:09 | Build | Farm |
| 19:17 | Build | Stable |
| 19:25 | Create | Villager (Male) |
| 19:25 | Create | Villager (Male) |
| 19:25 | Create | Villager (Male) |
| 19:59 | Build | Farm |
| 20:21 | Build | Farm |
| 20:48 | Age | Castle Age |
| 20:51 | Create | Knight |
| 20:51 | Create | Knight |
| 20:52 | Create | Knight |
| 20:52 | Create | Knight |
| 20:52 | Create | Knight |
| 20:52 | Create | Knight |
| 21:20 | Create | Villager (Male) |
| 21:29 | Research | Husbandry |
| 22:36 | Build | Stone Wall |
| 23:48 | Build | Town Center |
| 23:59 | Build | Town Center |
| 25:23 | Build | Stone Wall |
| 25:48 | Create | Villager (Male) |
| 25:48 | Create | Villager (Male) |
| 25:48 | Create | Villager (Male) |
| 25:48 | Create | Villager (Male) |
| 25:49 | Create | Villager (Male) |
| 25:49 | Create | Villager (Male) |
| 26:07 | Build | University |
| 28:32 | Build | Monastery |
| 28:39 | Research | Gold Mining |
| 28:39 | Research | Stone Mining |
| 28:47 | Create | Villager (Male) |
| 28:47 | Create | Villager (Male) |
| 28:47 | Create | Villager (Male) |
| 28:48 | Create | Villager (Male) |
| 28:56 | Research | Double-Bit Axe |
| 29:09 | Build | Stone Wall |
| 30:44 | Research | Imperial Age |
| 31:30 | Build | Gate |
| 31:36 | Create | Monk |
| 31:51 | Build | Stable |
| 31:54 | Build | Stable |
| 31:57 | Build | Stable |
| 31:59 | Create | Knight |
| 32:25 | Build | Farm |
| 32:28 | Build | Farm |
| 32:31 | Build | Farm |
| 32:46 | Build | Mill |
| 32:50 | Research | Gold Shaft Mining |
| 32:55 | Research | Bow Saw |
| 32:58 | Create | Villager (Male) |
| 32:58 | Create | Villager (Male) |
| 32:59 | Create | Villager (Male) |
| 32:59 | Create | Villager (Male) |
| 32:59 | Create | Villager (Male) |
| 33:00 | Create | Villager (Male) |
| 33:00 | Create | Villager (Male) |
| 33:15 | Build | Stone Wall |
| 33:31 | Research | Wheelbarrow |
| 33:42 | Build | Farm |
| 33:46 | Build | Farm |
| 33:51 | Build | Farm |
| 33:54 | Age | Imperial Age |
| 34:07 | Create | Villager (Male) |
| 34:08 | Create | Villager (Male) |
| 34:08 | Create | Villager (Male) |
| 34:08 | Create | Villager (Male) |
| 35:05 | Research | Cavalier (upgrade) |
| 35:09 | Research | Forging |
| 35:09 | Research | Scale Barding Armor |
| 35:19 | Build | Stable |
| 35:45 | Build | Town Center |
| 35:51 | Create | Villager (Male) |
| 35:52 | Create | Villager (Male) |
| 36:08 | Build | Lumber Camp |
| 36:13 | Build | Lumber Camp |
| 36:22 | Build | Town Center |
Match timeline
| 9:39 | GuilleLeopold17 · first_building Barracks |
| 10:19 | Fat B · first_building Barracks |
| 12:20 | vitavidal91 · age_up feudal |
| 13:07 | Fat B · age_up feudal |
| 13:14 | Fat B · first_building Stable |
| 13:21 | vitavidal91 · first_building Barracks |
| 14:07 | Conquistatoooore · first_building Barracks |
| 14:08 | GuilleLeopold17 · age_up feudal |
| 14:17 | GuilleLeopold17 · first_building Stable |
| 14:19 | vitavidal91 · first_building Stable |
| 14:42 | Bukac95 · age_up feudal |
| 15:09 | Conquistatoooore · age_up feudal |
| 15:20 | Conquistatoooore · wall_segment Stone Wall x14 |
| 15:32 | Bukac95 · first_building Barracks |
| 15:33 | pepermenchaca · age_up feudal |
| 15:53 | Bukac95 · wall_segment Palisade Wall x1 |
| 16:01 | Bukac95 · wall_segment Palisade Wall x1 |
| 17:06 | Conquistatoooore · first_building Stable |
| 17:12 | pepermenchaca · first_building Barracks |
| 17:59 | Conquistatoooore · wall_segment Stone Wall x8 |
| 19:29 | pepermenchaca · first_building Donjon |
| 19:59 | GuilleLeopold17 · age_up castle |
| 20:48 | Conquistatoooore · age_up castle |
| 22:36 | Conquistatoooore · wall_segment Stone Wall x15 |
| 25:19 | vitavidal91 · age_up castle |
| 25:23 | Conquistatoooore · wall_segment Stone Wall x10 |
| 25:58 | pepermenchaca · age_up castle |
| 27:38 | Fat B · first_market_buy 100 food |
| 27:48 | Fat B · first_market_sell 100 wood |
| 28:19 | pepermenchaca · first_building Monastery |
| 28:29 | GuilleLeopold17 · first_building Castle |
| 28:32 | Conquistatoooore · first_building Monastery |
| 29:09 | Conquistatoooore · wall_segment Stone Wall x10 |
| 29:12 | vitavidal91 · first_building Castle |
| 29:46 | Bukac95 · wall_segment Stone Wall x9 |
| 29:47 | Fat B · wall_segment Palisade Wall x1 |
| 29:58 | Fat B · wall_segment Palisade Wall x1 |
| 30:03 | Fat B · wall_segment Palisade Wall x1 |
| 30:05 | Fat B · wall_segment Palisade Wall x1 |
| 30:37 | Fat B · age_up castle |
| 30:53 | Bukac95 · first_market_buy 100 food |
| 30:54 | vitavidal91 · first_building Monastery |
| 33:10 | Bukac95 · wall_segment Stone Wall x11 |
| 33:15 | Conquistatoooore · wall_segment Stone Wall x10 |
| 33:17 | Bukac95 · wall_segment Stone Wall x1 |
| 33:18 | Bukac95 · wall_segment Stone Wall x1 |
| 33:28 | pepermenchaca · first_building Castle |
| 33:36 | Bukac95 · age_up castle |
| 33:54 | Conquistatoooore · age_up imperial |
| 36:52 | GuilleLeopold17 · wall_segment Stone Wall x1 |
| 37:06 | GuilleLeopold17 · wall_segment Stone Wall x3 |
| 38:03 | pepermenchaca · first_building Archery Range |
| 38:11 | GuilleLeopold17 · first_building Monastery |
| 38:27 | GuilleLeopold17 · first_building Siege Workshop |
| 38:50 | Bukac95 · first_building Castle |
| 40:37 | GuilleLeopold17 · age_up imperial |
| 40:44 | pepermenchaca · first_market_buy 100 food |
| 41:10 | Bukac95 · wall_segment Stone Wall x1 |
| 41:40 | Fat B · first_building Castle |
| 42:08 | GuilleLeopold17 · tribute_sent a jugador 2 |
| 42:08 | GuilleLeopold17 · tribute_sent a jugador 3 |
| 42:08 | GuilleLeopold17 · tribute_sent a jugador 4 |
| 42:08 | GuilleLeopold17 · tribute_sent a jugador 5 |
| 42:08 | GuilleLeopold17 · tribute_sent a jugador 6 |
| 45:01 | vitavidal91 · age_up imperial |
| 45:34 | GuilleLeopold17 · first_market_sell 500 stone |
| 46:18 | vitavidal91 · first_building Archery Range |
| 46:38 | vitavidal91 · first_building Siege Workshop |
| 47:35 | Bukac95 · age_up imperial |
| 49:29 | GuilleLeopold17 · tribute_sent a jugador 2 |
| 49:29 | GuilleLeopold17 · tribute_sent a jugador 3 |
| 49:29 | GuilleLeopold17 · tribute_sent a jugador 4 |
| 49:29 | GuilleLeopold17 · tribute_sent a jugador 5 |
| 49:29 | GuilleLeopold17 · tribute_sent a jugador 6 |
| 49:51 | Conquistatoooore · first_building Castle |
| 51:18 | Conquistatoooore · first_market_sell 100 food |
| 53:07 | pepermenchaca · age_up imperial |
| 55:07 | GuilleLeopold17 · tribute_sent a jugador 2 |
| 55:07 | GuilleLeopold17 · tribute_sent a jugador 3 |
| 55:07 | GuilleLeopold17 · tribute_sent a jugador 4 |
| 55:07 | GuilleLeopold17 · tribute_sent a jugador 5 |
| 55:07 | GuilleLeopold17 · tribute_sent a jugador 6 |
| 56:07 | Bukac95 · first_building Archery Range |
| 58:54 | GuilleLeopold17 · tribute_sent a jugador 2 |
| 58:54 | GuilleLeopold17 · tribute_sent a jugador 3 |
| 58:54 | GuilleLeopold17 · tribute_sent a jugador 4 |
| 58:54 | GuilleLeopold17 · tribute_sent a jugador 5 |
| 58:54 | GuilleLeopold17 · tribute_sent a jugador 6 |
| 62:21 | Conquistatoooore · first_market_buy 100 stone |
| 69:23 | GuilleLeopold17 · wall_segment Stone Wall x9 |
| 72:10 | pepermenchaca · resign |
[ AI ANALYSIS · 1 CREDIT ]
What really happened in this match?
Wolo.gg analyzes every decision: build order, eco, micro, common mistakes by bracket. Personalized analysis on WhatsApp or Discord in 30 seconds.
Civ guide
Georgians
Perfil
Jugador #1901962